 Dungeon Crawl Stone Soup version 0.17-a0-1504-gb7d9117 (webtiles) character file.

1110 urechis the Grappler (level 8, -24/83 HPs)
             Began as a Troll Monk on July 7, 2015.
             Was a Believer of Ru.
             Killed from afar by emikaela's ghost (27 damage)
             ... with a spray of energy
             ... in a bailey.
             The game lasted 00:19:01 (5745 turns).

urechis the Grappler (Troll Monk)                   Turns: 5745, Time: 00:19:02

Health: -24/83     AC:  6    Str: 24    XL:     8   Next: 11%
Magic:  7/7        EV: 10    Int:  6    God:    Ru [**....]
Gold:   329        SH:  0    Dex: 12    Spells: 0 memorised, 7 levels left

rFire  . . .     SeeInvis .       - Unarmed
rCold  . . .     Clarity  .     y - +0 robe
rNeg   . . .     SustAt   .     (no shield)
rPois  .         Gourm    +     (helmet restricted)
rElec  .         Spirit   .     v - +0 cloak
rCorr  .         Warding  .     (gloves unavailable)
rMut   .         Stasis   .     (boots unavailable)
MR     .....                    (no amulet)
Stlth  +.........               (no ring)
                                (no ring)

@: confused, glowing, not resistant to hostile enchantments, very unstealthy
A: unfitting armour, claws 3, fast metabolism 3, gourmand, regeneration 2,
shaggy fur 1, tough skin 2, no air magic, no charms magic, no hexes magic,
inexperienced 1
a: Renounce Religion


You were in a bailey.
You worshipped Ru.
Ru was pleased with you.
You were full.

You visited 1 branch of the dungeon, and saw 7 of its levels.
You also visited: Ossuary and Bailey.

You collected 329 gold pieces.

Inventory:

Hand weapons
 a - a +0 blowgun
 I - a +0 arbalest
Missiles
 o - 2 throwing nets (quivered)
 z - 12 poisoned needles
 H - 53 bolts
Armour
 v - a +0 cloak (worn)
 y - a +0 robe (worn)
Scrolls
 d - 3 scrolls of amnesia {unknown}
 e - 2 scrolls of fog {unknown}
 h - 5 scrolls of random uselessness {unknown}
 i - 3 scrolls of noise {unknown}
 l - 4 scrolls of teleportation {unknown}
 m - 3 scrolls of identify {unknown}
 p - 3 scrolls of fear {unknown}
 r - 2 scrolls of enchant armour {unknown}
 s - a scroll of blinking {unknown}
 w - 3 scrolls of remove curse {unknown}
 x - 2 scrolls of magic mapping {unknown}
 A - a scroll of immolation {unknown}
 G - a scroll of recharging {unknown}
Potions
 c - 5 potions of curing {unknown}
 f - a potion of cancellation {unknown}
 g - 3 potions of haste {unknown}
 j - 4 potions of degeneration {unknown}
 k - 8 potions of poison {unknown}
 q - 6 potions of heal wounds {unknown}
 t - 3 potions of resistance {unknown}
 B - a potion of agility {unknown}
 C - a potion of ambrosia {unknown}
 D - 2 potions of mutation {unknown}
 E - a potion of flight {unknown}
Comestibles
 b - 4 bread rations
 n - 6 fruits
 u - a meat ration


   Skills:
 + Level 5.8 Fighting
 - Level 2.4 Dodging
 - Level 1.1 Stealth
 + Level 11.7 Unarmed Combat


You had 7 spell levels left.
You didn't know any spells.

Dungeon Overview and Level Annotations

Branches:
Dungeon (7/15)
 Temple: D:4-7

Altars:
Okawaru
Qazlal
Ru
Xom
The Shining One
Beogh

Shops:
D:6 %

Annotations:
Bailey emikaela's ghost, powerful OpWn; heinrich's ghost, experienced OpCj


Innate Abilities, Weirdness & Mutations

You are too large for most types of armour.
You have claws for hands.
Your metabolism is lightning-fast.
You like to eat raw meat.
You heal very quickly.
You are covered in fur (AC +1).
You have very tough skin (AC +2).
You cannot study or cast Air magic.
You cannot study or cast Charms magic.
You cannot study or cast Hexes magic.
You are somewhat inexperienced (-2 XL).


Message History

You mangle emikaela's ghost!!
Emikaela's ghost is severely damaged.
Emikaela's ghost barely misses you. Heinrich's ghost completely misses you.
You scratch emikaela's ghost.
Emikaela's ghost is severely damaged.
Emikaela's ghost casts a spell at you.
You barely resist.
Heinrich's ghost ripples.
Heinrich's ghost barely misses you.
You mangle emikaela's ghost!!
Emikaela's ghost is almost destroyed.
Emikaela's ghost stares at you and mumbles some strange words.
You are confused.
Heinrich's ghost casts a spell at you. The orb of energy hits you!
* * * LOW HITPOINT WARNING * * *
The orc shoots a bolt.
The bolt barely misses you. Emikaela's ghost casts a spell at you.
The spray of energy hits you!
You die...

########################
......................∩#
.......................#
.......................#
.......................#
......o.@....(.........#
......W................#
≈≈≈≈≈≈W≈≈≈≈≈≈≈≈≈≈......#
≈≈≈≈o≈≈≈≈≈≈≈#.#≈≈......#
≈≈≈≈≈≈≈≈≈≈≈##.##≈......#
(≈≈≈≈≈≈≈≈≈≈..^.(≈......#
(≈≈≈≈≈≈≈≈≈≈##.##≈......#
######≈≈≈≈≈≈#.#≈≈......#
#≈≈≈≈≈≈≈≈≈≈≈......#


You could see emikaela's ghost, heinrich's ghost and 2 orcs.

Vanquished Creatures
  2 sky beasts (D:6)
  5 orc warriors
  An ice beast (D:6)
  2 phantoms
  3 centaurs
  Blork the orc (D:4)
  A giant frog (D:6)
  A water moccasin zombie (D:4)
  3 scorpions (D:5)
  2 crimson imps
  A centaur zombie (Ossuary)
  A giant frog zombie (D:6)
  2 orc priests
  Crazy Yiuf (D:3)
  A hound (D:6)
  3 jellies
  7 orc wizards
  A centaur skeleton (D:5)
  Jessica (D:2)
  Natasha (twice) (D:4)
  2 worker ants (D:4)
  3 iguanas
  2 big kobold zombies (Ossuary)
  2 hound skeletons
  3 mummies
  8 adders
  A worker ant zombie (D:4)
  A shadow imp (D:6)
  An ooze (D:1)
  4 adder skeletons
  3 worms (D:3)
  2 giant geckos
  36 orcs
  10 bats
  A bat skeleton (D:4)
  A bat zombie (D:4)
  3 giant cockroaches
  9 goblins
  12 hobgoblins
  18 jackals
  A quokka (D:5)
  A sheep (D:2)
  3 ball pythons
  A giant cockroach zombie (D:4)
  4 giant newts
  3 goblin zombies
  A hobgoblin zombie (D:6)
  9 kobolds
  3 orc zombies (Ossuary)
  14 rats
203 creatures vanquished.

Notes
Turn   | Place    | Note
--------------------------------------------------------------
     0 | D:1      | urechis the Troll Monk began the quest for the Orb.
     0 | D:1      | Reached XP level 1. HP: 22/22 MP: 0/0
   293 | D:1      | Reached XP level 2. HP: 29/29 MP: 1/1
   995 | D:2      | Noticed Jessica
  1017 | D:2      | Killed Jessica
  1017 | D:2      | Reached skill level 5 in Unarmed Combat
  1017 | D:2      | Reached XP level 3. HP: 8/36 MP: 2/2
  1087 | D:2      | Found a glowing golden altar of the Shining One.
  1192 | D:2      | Reached XP level 4. HP: 44/44 MP: 3/3
  1257 | D:2      | Found a shimmering altar of Xom.
  1522 | D:2      | Reached skill level 6 in Unarmed Combat
  1526 | D:2      | Reached XP level 5. HP: 48/50 MP: 4/4
  1678 | D:3      | Noticed a phantom
  1706 | D:3      | Killed a phantom
  1706 | D:3      | Reached skill level 7 in Unarmed Combat
  1767 | D:3      | Reached XP level 6. HP: 59/59 MP: 5/5
  1869 | D:3      | Found an iron altar of Okawaru.
  2164 | D:3      | Noticed Crazy Yiuf
  2169 | D:3      | Killed Crazy Yiuf
  2496 | D:4      | Reached skill level 8 in Unarmed Combat
  2927 | D:4      | Noticed Natasha
  2932 | D:4      | Killed Natasha
  3040 | D:4      | Noticed Natasha
  3043 | D:4      | Killed Natasha
  3110 | D:4      | Reached XP level 7. HP: 61/66 MP: 6/6
  3180 | D:4      | Noticed Blork the orc
  3187 | D:4      | Killed Blork the orc
  3399 | D:5      | Entered Level 5 of the Dungeon
  3422 | D:5      | Found a sacrificial altar of Ru.
  3446 | D:5      | Became a worshipper of Ru the Awakened
  3459 | D:5      | Gained mutation: You cannot study or cast Air magic. [Ru sacrifice]
  3459 | D:5      | Gained mutation: You cannot study or cast Hexes magic. [Ru sacrifice]
  3459 | D:5      | Gained mutation: You cannot study or cast Charms magic. [Ru sacrifice]
  3459 | D:5      | Acquired Ru's first power
  3467 | D:5      | Reached skill level 9 in Unarmed Combat
  3773 | D:5      | Reached skill level 10 in Unarmed Combat
  3773 | D:5      | Reached XP level 8. HP: 74/74 MP: 7/7
  4026 | D:6      | Found Usoewe's Food Shoppe.
  4208 | D:6      | Found a stormy altar of Qazlal.
  4311 | D:6      | Found a sand-covered staircase.
  4318 | Ossuary  | Entered an ossuary
  4692 | D:6      | Found a runed door.
  4763 | D:6      | Reached skill level 11 in Unarmed Combat
  4887 | D:6      | Reached XP level 9. HP: 70/87 MP: 8/8
  4892 | D:6      | Reached skill level 5 in Fighting
  5110 | D:6      | Gained mutation: You are somewhat inexperienced (-2 XL). [Ru sacrifice]
  5110 | D:6      | Reached XP level 8. HP: 80/80 MP: 7/7
  5110 | D:6      | Reached XP level 7. HP: 72/72 MP: 6/6
  5110 | D:6      | Acquired Ru's second power
  5272 | D:6      | Found a roughly hewn altar of Beogh.
  5339 | D:6      | Reached XP level 8. HP: 71/83 MP: 7/7
  5391 | D:7      | Found a flagged portal.
  5404 | Bailey   | Entered a bailey
  5718 | Bailey   | Noticed emikaela's ghost (powerful OpWn)
  5724 | Bailey   | Noticed heinrich's ghost (experienced OpCj)
  5745 | Bailey   | HP: 3/83 [heinrich's ghost/orb of energy (11)]
  5745 | Bailey   | Killed from afar by emikaela's ghost

Vault maps used:
D:1:      matt_arrival_refuge, corexii_hall_statues_x
D:2:      nicolae_overflow_crystal_walls, dk_xom_monty_hall, uniq_jessica
D:3:      lemuel_doored_altar, uniq_crazy_yiuf_cottage
D:4:      first_bread, serial_undead, serial_undead_d, serial_undead_c,
          serial_undead_c, serial_undead_f, uniq_blork_the_orc, uniq_natasha
D:5:      old_standard_altar
D:6:      nicolae_qazlal_style_of_elements, serial_shops, shop,
          nicolae_ossuary_entry_giza, lightli_church_of_beogh
D:7:      overflow_temple_1_default, kiku_gazebo_garden_becter,
          gammafunk_temple_overflow_wave, overflow_temple_1_default,
          enter_bailey_3
Ossuary:  ossuary_crypta
Bailey:   bailey_polearm_2, bailey

Action                   |  1- 3 |  4- 6 |  7- 9 || total
-------------------------+-------+-------+-------++-------
Melee: Unarmed           |    70 |   153 |   293 ||   516
 Fire: Arbalest          |       |       |    11 ||    11
       Blowgun           |       |       |    10 ||    10
Invok: Sacrifice Arcana  |       |       |     1 ||     1
       Sacrifice Experie |       |       |     1 ||     1
 Stab: Sleeping          |     3 |     3 |     5 ||    11
  Eat: Chunk             |    16 |    17 |    22 ||    55
